| TOP OF THE 1ST |
|
Everett AquaSox batting - Pitching for Minnesota (NYP) Twins : LHP Bobby Shaw
|
|
Pitching: LHP Bobby Shaw
|
|
|
Batting: RHB Tomokazu Sugimoto
|
0-0: Ball 1-0: Ball 2-0: Called Strike 2-1: Foul Ball, location: 2F 2-2: Ball 3-2: Fly out, F9 (Line Drive, 89M, EV 83.8 MPH)
|
|
Batting: RHB Ivan Davila
|
0-0: Ball 1-0: Ball 2-0: Ball 3-0: Called Strike 3-1: Swinging Strike 3-2: Fly out, F9 (Flyball, 9, EV 84.4 MPH)
|
|
Batting: RHB Bryan Alfaro
|
0-0: Ball 1-0: DOUBLE (Line Drive, 9LM, EV 90.0 MPH)
|
|
Batting: RHB Ching-hsia Zhang
|
0-0: Foul Ball, location: 2F 0-1: Fly out, F9 (Flyball, 89S, EV 78.8 MPH)
|
| Top of the 1st over - 0 runs, 1 hit, 0 errors, 1 left on base; Everett 0 - Minnesota (NYP) 0 |
| BOTTOM OF THE 1ST |
|
Minnesota (NYP) Twins batting - Pitching for Everett AquaSox : LHP Chan-u Lee
|
|
Pitching: LHP Chan-u Lee
|
|
|
Batting: RHB Caleb Bockmann
|
0-0: Called Strike 0-1: Called Strike 0-2: Fly out, F4 (Line Drive, 4MD, EV 61.2 MPH)
|
|
Batting: RHB Fhil Mikrakin
|
0-0: Ball 1-0: Ball 2-0: Ball 3-0: Called Strike 3-1: Base on Balls
|
|
Batting: RHB Steve Raine
|
0-0: Called Strike Fhil Mikrakin steals 2nd base 0-1: Called Strike 0-2: Foul Ball, location: 2F 0-2: Ball 1-2: Strikes out swinging
|
|
Batting: RHB Nate Matson
|
0-0: Foul Ball, location: 2F 0-1: Foul Ball, location: 2F 0-2: Foul Ball, location: 2F 0-2: Foul Ball, location: 2F 0-2: Foul Ball, location: 2F 0-2: Ground out 1-3 (Groundball, 15S, EV 76.2 MPH)
|
| Bottom of the 1st over - 0 runs, 0 hits, 0 errors, 1 left on base; Everett 0 - Minnesota (NYP) 0 |
| TOP OF THE 2ND |
|
Everett AquaSox batting - Pitching for Minnesota (NYP) Twins : LHP Bobby Shaw
|
|
Batting: RHB Jung-wan Aan
|
0-0: Ball 1-0: Ball 2-0: Foul Ball, location: 2F 2-1: Foul Ball, location: 2F 2-2: Strikes out swinging
|
|
Batting: SHB Raghnall Ahearne
|
0-0: Ball 1-0: Ball 2-0: Foul Ball, location: 2F 2-1: Ball 3-1: Ground out 5-3 (Groundball, 56S, EV 89.4 MPH)
|
|
Batting: RHB Danny Pujols
|
0-0: Ball 1-0: Ball 2-0: Ground out 4-3 (Groundball, 4S, EV 68.8 MPH)
|
| Top of the 2nd over - 0 runs, 0 hits, 0 errors, 0 left on base; Everett 0 - Minnesota (NYP) 0 |
| BOTTOM OF THE 2ND |
|
Minnesota (NYP) Twins batting - Pitching for Everett AquaSox : LHP Chan-u Lee
|
|
Batting: LHB Hector Olvera
|
0-0: Called Strike 0-1: Ball 1-1: Foul Ball, location: 2F 1-2: Strikes out swinging
|
|
Batting: RHB Chris Bejarano
|
0-0: Ball 1-0: Ball 2-0: Ball 3-0: Base on Balls
|
|
Batting: LHB Marvin Shepherd
|
0-0: Called Strike 0-1: Called Strike 0-2: Fly out, F5 (Popup, 5SF, EV 75.0 MPH)
|
|
Batting: RHB David McClellan
|
0-0: Ball Chris Bejarano is caught stealing 2nd base 2-4
|
| Bottom of the 2nd over - 0 runs, 0 hits, 0 errors, 0 left on base; Everett 0 - Minnesota (NYP) 0 |
| TOP OF THE 3RD |
|
Everett AquaSox batting - Pitching for Minnesota (NYP) Twins : LHP Bobby Shaw
|
|
Batting: RHB Sal Cervantes
|
0-0: Swinging Strike 0-1: Foul Ball, location: 2F 0-2: TRIPLE (Flyball, 78XD, EV 100.0 MPH)
|
|
Batting: SHB Tony Morales
|
0-0: Foul Ball, location: 2F 0-1: Called Strike 0-2: Ball 1-2: Strikes out swinging
|
|
Batting: RHB Tomokazu Sugimoto
|
0-0: Ball 1-0: Ball 2-0: Swinging Strike 2-1: Foul Ball, location: 2F 2-2: Fly out, F8 (Line Drive, 89S, EV 108.1 MPH)
|
|
Batting: RHB Ivan Davila
|
0-0: Foul Ball, location: 2F 0-1: SINGLE (Line Drive, 7S, EV 98.1 MPH) Sal Cervantes scores
|
|
Batting: RHB Bryan Alfaro
|
0-0: Foul Ball, location: 2F 0-1: Ball 1-1: Fly out, F8 (Line Drive, 8RM, EV 98.1 MPH)
|
| Top of the 3rd over - 1 run, 2 hits, 0 errors, 1 left on base; Everett 1 - Minnesota (NYP) 0 |
| BOTTOM OF THE 3RD |
|
Minnesota (NYP) Twins batting - Pitching for Everett AquaSox : LHP Chan-u Lee
|
|
Batting: RHB David McClellan
|
0-0: Foul Ball, location: 2F 0-1: Ball 1-1: Ball 2-1: Ball 3-1: Swinging Strike 3-2: Ground out 4-3 (Groundball, 4, EV 105.0 MPH)
|
|
Batting: LHB Jose Hilario
|
0-0: Called Strike 0-1: Fly out, F9 (Flyball, 89S, EV 85.6 MPH)
|
|
Batting: RHB Caleb Bockmann
|
0-0: Ball 1-0: Foul Ball, location: 2F 1-1: SINGLE (Groundball, 6MD, EV 103.1 MPH)
|
|
Batting: RHB Fhil Mikrakin
|
0-0: Called Strike 0-1: Fielders Choice at 2nd, 5-4 (Groundball, 56, EV 92.5 MPH)
|
| Bottom of the 3rd over - 0 runs, 1 hit, 0 errors, 1 left on base; Everett 1 - Minnesota (NYP) 0 |
| TOP OF THE 4TH |
|
Everett AquaSox batting - Pitching for Minnesota (NYP) Twins : LHP Bobby Shaw
|
|
Batting: RHB Ching-hsia Zhang
|
0-0: Ground out 5-3 (Groundball, 56S, EV 85.0 MPH)
|
|
Batting: RHB Jung-wan Aan
|
0-0: Foul Ball, location: 2F 0-1: Ball 1-1: Ball 2-1: Ground out 5-3 (Groundball, 56, EV 91.9 MPH)
|
|
Batting: SHB Raghnall Ahearne
|
0-0: DOUBLE (Flyball, 7D, EV 108.8 MPH)
|
|
Batting: RHB Danny Pujols
|
0-0: Called Strike 0-1: Ball 1-1: Called Strike 1-2: Ball 2-2: Foul Ball, location: 2F 2-2: Foul Ball, location: 2F 2-2: Strikes out looking
|
| Top of the 4th over - 0 runs, 1 hit, 0 errors, 1 left on base; Everett 1 - Minnesota (NYP) 0 |
| BOTTOM OF THE 4TH |
|
Minnesota (NYP) Twins batting - Pitching for Everett AquaSox : LHP Chan-u Lee
|
|
Batting: RHB Steve Raine
|
0-0: Ball 1-0: Called Strike 1-1: Foul Ball, location: 2F 1-2: Strikes out looking
|
|
Batting: RHB Nate Matson
|
0-0: Foul Ball, location: 2F 0-1: Called Strike 0-2: Ball 1-2: Foul Ball, location: 2F 1-2: Strikes out swinging
|
|
Batting: LHB Hector Olvera
|
0-0: Foul Ball, location: 2F 0-1: Foul Ball, location: 2F 0-2: Ball 1-2: Strikes out swinging
|
| Bottom of the 4th over - 0 runs, 0 hits, 0 errors, 0 left on base; Everett 1 - Minnesota (NYP) 0 |
| TOP OF THE 5TH |
|
Everett AquaSox batting - Pitching for Minnesota (NYP) Twins : LHP Bobby Shaw
|
|
Batting: RHB Sal Cervantes
|
0-0: Called Strike 0-1: Fly out, F8 (Flyball, 89D, EV 91.2 MPH)
|
|
Batting: SHB Tony Morales
|
0-0: Called Strike 0-1: Ball 1-1: Foul Ball, location: 2F 1-2: Ball 2-2: Ball 3-2: Base on Balls
|
|
Batting: RHB Tomokazu Sugimoto
|
0-0: Called Strike 0-1: Grounds into double play, 4-6-3 (Groundball, 4, EV 84.4 MPH)
|
| Top of the 5th over - 0 runs, 0 hits, 0 errors, 0 left on base; Everett 1 - Minnesota (NYP) 0 |
| BOTTOM OF THE 5TH |
|
Minnesota (NYP) Twins batting - Pitching for Everett AquaSox : LHP Chan-u Lee
|
|
Batting: RHB Chris Bejarano
|
0-0: Foul Ball, location: 2F 0-1: Ball 1-1: Foul Ball, location: 2F 1-2: SOLO HOME RUN (Flyball, 9LD, EV 93.8 MPH), Distance : 351 ft
|
|
Batting: LHB Marvin Shepherd
|
0-0: Swinging Strike 0-1: Foul Ball, location: 2F 0-2: Strikes out swinging
|
|
Batting: RHB David McClellan
|
0-0: Called Strike 0-1: Ball 1-1: Called Strike 1-2: Foul Ball, location: 2F 1-2: Foul Ball, location: 2F 1-2: Ball 2-2: Ground out 4-3 (Groundball, 4, EV 86.9 MPH)
|
|
Batting: LHB Jose Hilario
|
0-0: Called Strike 0-1: Foul Ball, location: 2F 0-2: Ball 1-2: Ball 2-2: Strikes out swinging
|
| Bottom of the 5th over - 1 run, 1 hit, 0 errors, 0 left on base; Everett 1 - Minnesota (NYP) 1 |
| TOP OF THE 6TH |
|
Everett AquaSox batting - Pitching for Minnesota (NYP) Twins : LHP Bobby Shaw
|
|
Batting: RHB Ivan Davila
|
0-0: Called Strike 0-1: Ball 1-1: Ball 2-1: Ball 3-1: Base on Balls
|
|
Batting: RHB Bryan Alfaro
|
0-0: Swinging Strike 0-1: Ball Wild Pitch! Ivan Davila to second 1-1: Ball 2-1: SINGLE (Flyball, 89S, EV 93.1 MPH) Ivan Davila to third
|
|
Batting: RHB Ching-hsia Zhang
|
0-0: Swinging Strike 0-1: Ground out 4-3 (Groundball, 4MD, EV 106.9 MPH) Ivan Davila scores Bryan Alfaro to second
|
|
Batting: RHB Jung-wan Aan
|
0-0: Called Strike 0-1: Ball 1-1: SINGLE (Flyball, 78S, EV 93.8 MPH) Bryan Alfaro to third Runner from 3rd tries for Home, SAFE, throw by LF to home
|
|
Batting: SHB Raghnall Ahearne
|
0-0: Ball 1-0: Foul Ball, location: 2F 1-1: Called Strike 1-2: Ball 2-2: Ball 3-2: Base on Balls Jung-wan Aan to second
|
|
Pitching: RHP Chad Brock
|
|
|
Batting: RHB Danny Pujols
|
0-0: Ball 1-0: Ball 2-0: Called Strike 2-1: Called Strike 2-2: Ball 3-2: Base on Balls Jung-wan Aan to third Raghnall Ahearne to second
|
|
Batting: RHB Sal Cervantes
|
0-0: Called Strike 0-1: Called Strike 0-2: Ball 1-2: Ball 2-2: Strikes out swinging
|
|
Batting: SHB Tony Morales
|
0-0: Called Strike 0-1: Fielders Choice at 2nd, 6-4 (Groundball, 6, EV 111.2 MPH)
|
| Top of the 6th over - 2 runs, 2 hits, 0 errors, 3 left on base; Everett 3 - Minnesota (NYP) 1 |
| BOTTOM OF THE 6TH |
|
Minnesota (NYP) Twins batting - Pitching for Everett AquaSox : LHP Chan-u Lee
|
|
Batting: RHB Caleb Bockmann
|
0-0: Ball 1-0: SOLO HOME RUN (Flyball, 7LD, EV 93.1 MPH), Distance : 356 ft
|
|
Batting: RHB Fhil Mikrakin
|
0-0: Ball 1-0: Fly out, F7 (Flyball, 7D, EV 101.9 MPH)
|
|
Pitching: RHP Raul Lopez
|
|
|
Batting: RHB Steve Raine
|
0-0: Ball 1-0: Ball 2-0: Ball 3-0: Called Strike 3-1: Base on Balls
|
|
Batting: RHB Nate Matson
|
0-0: Called Strike 0-1: Ball 1-1: Called Strike 1-2: Ball 2-2: Ball 3-2: Base on Balls Steve Raine to second
|
|
Batting: LHB Hector Olvera
|
0-0: Called Strike 0-1: Called Strike 0-2: SINGLE (Line Drive, 9LS, EV 100.6 MPH) Steve Raine to third Nate Matson to second Runner from 3rd tries for Home, SAFE, throw by RF to home
|
|
Batting: RHB Chris Bejarano
|
0-0: Fly out, F8 (Flyball, 89D, EV 92.5 MPH)
|
|
Batting: LHB Marvin Shepherd
|
0-0: Called Strike 0-1: Ball 1-1: Foul Ball, location: 2F 1-2: Ball 2-2: Foul Ball, location: 2F 2-2: Ball 3-2: Strikes out swinging
|
| Bottom of the 6th over - 2 runs, 2 hits, 0 errors, 2 left on base; Everett 3 - Minnesota (NYP) 3 |
| TOP OF THE 7TH |
|
Everett AquaSox batting - Pitching for Minnesota (NYP) Twins : RHP Chad Brock
|
|
Batting: RHB Tomokazu Sugimoto
|
0-0: Swinging Strike 0-1: Ball 1-1: Swinging Strike 1-2: Ball 2-2: Foul Ball, location: 2F 2-2: Foul Ball, location: 2F 2-2: Foul Ball, location: 2F 2-2: Foul Ball, location: 2F 2-2: Reached on error, E4 (Groundball, 4, EV 103.1 MPH)
|
|
Pitching: RHP Takeshi Kusanagi
|
|
|
Batting: RHB Ivan Davila
|
0-0: Called Strike Tomokazu Sugimoto steals 2nd base (no throw) 0-1: Called Strike 0-2: Strikes out looking
|
|
Batting: RHB Bryan Alfaro
|
0-0: Fly out, F4 (Line Drive, 4, EV 69.4 MPH)
|
|
Batting: RHB Ching-hsia Zhang
|
0-0: Ground out 4-3 (Groundball, 4M, EV 81.2 MPH)
|
| Top of the 7th over - 0 runs, 0 hits, 1 error, 1 left on base; Everett 3 - Minnesota (NYP) 3 |
| BOTTOM OF THE 7TH |
|
Minnesota (NYP) Twins batting - Pitching for Everett AquaSox : RHP Raul Lopez
|
|
Batting: RHB David McClellan
|
0-0: Called Strike 0-1: Ball 1-1: TRIPLE (Flyball, 7D, EV 93.8 MPH)
|
|
Batting: LHB Jose Hilario
|
0-0: Ball 1-0: Swinging Strike 1-1: Foul Ball, location: 2F 1-2: Foul Ball, location: 2F 1-2: Ball 2-2: Foul Ball, location: 2F 2-2: Ground out 6-3 (Groundball, 6, EV 100.6 MPH)
|
|
Pitching: RHP Aaron Black
|
|
|
Batting: RHB Caleb Bockmann
|
0-0: Ball 1-0: Ball 2-0: SINGLE (Groundball, 56, EV 104.4 MPH) David McClellan scores
|
|
Batting: RHB Fhil Mikrakin
|
0-0: Called Strike 0-1: Ball 1-1: Swinging Strike 1-2: Ball 2-2: Foul Ball, location: 2F 2-2: Foul Ball, location: 2F 2-2: Foul Ball, location: 2F 2-2: Ball 3-2: Foul Ball, location: 2F 3-2: Base on Balls Caleb Bockmann to second
|
|
Batting: RHB Steve Raine
|
0-0: Called Strike 0-1: Ball 1-1: Foul Ball, location: 2F 1-2: Ball 2-2: Fielders Choice at 2nd, 5-4 (Groundball, 56, EV 81.9 MPH) Caleb Bockmann to third
|
|
Batting: RHB Nate Matson
|
0-0: Ball 1-0: Foul Ball, location: 2F 1-1: Ball 2-1: Ball 3-1: Called Strike 3-2: Strikes out looking
|
| Bottom of the 7th over - 1 run, 2 hits, 0 errors, 2 left on base; Everett 3 - Minnesota (NYP) 4 |
| TOP OF THE 8TH |
|
Everett AquaSox batting - Pitching for Minnesota (NYP) Twins : RHP Takeshi Kusanagi
|
|
Batting: RHB Jung-wan Aan
|
0-0: Called Strike 0-1: Foul Ball, location: 2F 0-2: Strikes out swinging
|
|
Batting: SHB Raghnall Ahearne
|
0-0: Called Strike 0-1: Ball 1-1: Ball 2-1: Swinging Strike 2-2: Strikes out swinging
|
|
Batting: RHB Danny Pujols
|
0-0: Ball 1-0: Foul Ball, location: 2F 1-1: Ball 2-1: Ball 3-1: Called Strike 3-2: Fly out, F9 (Flyball, 9, EV 88.1 MPH)
|
| Top of the 8th over - 0 runs, 0 hits, 0 errors, 0 left on base; Everett 3 - Minnesota (NYP) 4 |
| BOTTOM OF THE 8TH |
|
Minnesota (NYP) Twins batting - Pitching for Everett AquaSox : RHP Aaron Black
|
|
Batting: LHB Hector Olvera
|
0-0: Ball 1-0: Swinging Strike 1-1: DOUBLE (Line Drive, 9LM, EV 94.4 MPH)
|
|
Pitching: LHP Kevin Roberts
|
|
|
Batting: RHB Chris Bejarano
|
0-0: Swinging Strike 0-1: Ball 1-1: Foul Ball, location: 2F 1-2: Ground out 5-3 (Groundball, 56, EV 99.4 MPH)
|
|
Batting: LHB Marvin Shepherd
|
0-0: Ball 1-0: Fly out, F8 (Flyball, 8RD, EV 99.4 MPH)
|
|
Batting: RHB David McClellan
|
0-0: Ground out 6-3 (Groundball, 56, EV 91.9 MPH)
|
| Bottom of the 8th over - 0 runs, 1 hit, 0 errors, 1 left on base; Everett 3 - Minnesota (NYP) 4 |
| TOP OF THE 9TH |
|
Everett AquaSox batting - Pitching for Minnesota (NYP) Twins : RHP Takeshi Kusanagi
|
|
Pitching: LHP Yeijiro Kimura
|
|
|
Now at 2B: Juan Aguilar
|
|
|
Batting: RHB Sal Cervantes
|
0-0: SINGLE (Line Drive, 9LS, EV 105.6 MPH)
|
|
Pinch Hitting: RHB Antonio Oyola
|
0-0: Bunted foul 0-1: Ball 1-1: Bunted foul 1-2: Foul Ball, location: 2F 1-2: Ball 2-2: Grounds into double play, 6-4-3 (Groundball, 6, EV 80.6 MPH)
|
|
Batting: RHB Tomokazu Sugimoto
|
0-0: SINGLE (Line Drive, 9LM, EV 103.1 MPH)
|
|
Batting: RHB Ivan Davila
|
0-0: Ball 1-0: Foul Ball, location: 2F 1-1: Ball 2-1: Foul Ball, location: 2F 2-2: Ball 3-2: Strikes out looking
|
| Top of the 9th over - 0 runs, 2 hits, 0 errors, 1 left on base; Everett 3 - Minnesota (NYP) 4 |
|